 Dungeon Crawl Stone Soup version bcrawl-1.12.2 (webtiles) character file.

Game seed: 12030229722178447487

17 Ebbett the Covert (level 2, 0/20 HPs)
             Began as a Gnoll Rogue on July 23, 2019.
             Slain by Jessica
             ... wielding a +0 antimagic dagger
              (2 damage)
             ... on level 2 of the Dungeon.
             The game lasted 00:01:11 (891 turns).

Ebbett the Covert (Gnoll Rogue)                      Turns: 891, Time: 00:01:11

Health: 0/20       AC:  3    Str: 13    XL:     2   Next: 62%
Magic:  5/5        EV: 11    Int: 13    God:
Gold:   26         SH:  0    Dex: 16    Spells: 1/1 levels left

rFire    . . .     SeeInvis .   a - +2 dagger
rCold    . . .     Gourm    .   (no shield)
rNeg     . . .     Faith    .   c - +0 robe
rPois    .         Spirit   .   (no helmet)
rElec    .         Reflect  .   d - +0 cloak
rCorr    .         Harm     .   (no gloves)
MR       .....                  (no boots)
Stlth    ++++......             (no amulet)
HPRegen  0.06/turn              (no ring)
MPRegen  0.09/turn              (no ring)

@: no status effects
A: distributed training, fangs 1, strong nose
a: no special abilities


You were on level 2 of the Dungeon.
You were not hungry.

You visited 1 branch of the dungeon, and saw 2 of its levels.

You collected 26 gold pieces.

Inventory:

Hand Weapons
 a - a +2 dagger (weapon)
 b - a +0 blowgun
Missiles
 e - 80 poisoned needles
Armour
 c - a +0 robe (worn)
 d - a +0 cloak (worn)
Jewellery
 n - an uncursed ring of protection from magic {unknown}
Wands
 f - a wand of flame (15)
 g - a wand of enslavement (15)
Scrolls
 i - a scroll of teleportation {unknown}
 l - a scroll of identify {unknown}
Potions
 j - 2 potions of ambrosia {unknown}
 k - a potion of curing {unknown}
 m - a potion of cancellation {unknown}
 o - a potion of brilliance {unknown}
Comestibles
 h - 3 rations {!d}


   Skills:
 + Level 0.4 Fighting
 + Level 4.5 Short Blades
 + Level 0.4 Long Blades
 + Level 0.4 Axes
 + Level 0.4 Maces & Flails
 + Level 0.4 Polearms
 + Level 0.4 Staves
 + Level 0.4 Slings
 + Level 0.4 Bows
 + Level 0.4 Crossbows
 + Level 4.5 Throwing
 + Level 0.4 Armour
 + Level 0.4 Dodging
 + Level 8.5 Stealth
 + Level 0.4 Shields
 + Level 0.4 Unarmed Combat
 + Level 0.4 Spellcasting
 + Level 0.2 Conjurations
 + Level 0.2 Hexes
 + Level 0.2 Charms
 + Level 0.2 Summonings
 + Level 0.2 Necromancy
 + Level 0.2 Translocations
 + Level 0.2 Transmutations
 + Level 0.2 Fire Magic
 + Level 0.2 Ice Magic
 + Level 0.2 Air Magic
 + Level 0.2 Earth Magic
 + Level 0.2 Poison Magic
 + Level 0.5 Invocations
 + Level 4.5 Evocations


You had one spell level left.
You didn't know any spells.
Your spell library was empty.

Dungeon Overview and Level Annotations

Branches:
Dungeon (2/12)

Altars:

Annotations:
D:2 Jessica


Innate Abilities, Weirdness & Mutations

Your experience applies equally to all skills.
You have very sharp teeth.
Your uncanny sense of smell can sniff out nearby items.


Message History

Jessica hits you with a +0 antimagic dagger.
You hit Jessica but do no damage.
Jessica is moderately wounded.
Jessica gestures at you while chanting. Pain shoots through your body!
Ouch! That really hurt!
* * * LOW HITPOINT WARNING * * *
You hit Jessica. Your bite misses Jessica.
Jessica is heavily wounded.
Jessica hits you with a +0 antimagic dagger.
* * * LOW HITPOINT WARNING * * *
An ooze comes into view.
The ooze quivers.
You hit Jessica but do no damage.
Jessica is heavily wounded.
Jessica misses you.
You hit Jessica but do no damage.
Jessica is heavily wounded.
Jessica hits you with a +0 antimagic dagger.
You die...

#. #..# ..
#.###.##..##....
#...............
#......@#
#.##.##.# #
#..#.# #.##.##.#
#.#..@#.##
#....@...+
#.#...#### ##.##
#.# #.# #.# #+#
#.# #.### #.#
#... ##.#####
##.##


You could see Jessica.

Vanquished Creatures
  A dart slug (D:1)
  A giant cockroach (D:1)
  2 goblins (D:1)
  2 hobgoblins
  3 kobolds (D:1)
  A quokka (D:1)
  A frilled lizard (D:1)
  3 rats (D:1)
14 creatures vanquished.

Notes
Turn   | Place    | Note
-------+----------+-------------------------------------------
     0 | D:1      | Ebbett the Gnoll Rogue began the quest for the Orb.
     0 | D:1      | Reached XP level 1. HP: 13/13 MP: 3/3
   188 | D:1      | Reached XP level 2. HP: 19/19 MP: 5/5
   872 | D:2      | Noticed Jessica
   891 | D:2      | Slain by Jessica

Action                   || total
-------------------------++-------
Melee: Dagger            ||    41
       Bite              ||     5
 Stab: Sleeping          ||     6
Armor: Robe              ||     8
Dodge: Dodged            ||    13
